 Dungeon Crawl Stone Soup version 0.31-a0-1002-g8e65716e6e (webtiles) character file.

Game seed: 821916259041298646

749 Azuregosa the Covert (level 7, -4/50 HPs)
             Began as an Octopode Delver on Nov 10, 2023.
             Killed by an exploding phantom (17 damage)
             ... ignited by their inner flame
             ... on level 5 of the Dungeon.
             The game lasted 00:14:06 (3940 turns).

Azuregosa the Covert (Octopode Delver)              Turns: 3940, Time: 00:14:07

Health: -4/50      AC:  1    Str: 11    XL:     7   Next: 77%
Magic:  7/8        EV: 15    Int: 14    God:
Gold:   214        SH:  0    Dex: 20    Spells: 4/7 levels left

rFire   . . .        A - +4 dagger (venom)
rCold   . . .        (no shield)
rNeg    . . .        (helmet restricted)
rPois   +            t - amulet of faith
rElec   .            l - +6 ring of dexterity
rCorr   .            E - ring of poison resistance
SInv    .            (no ring)
Will    .....        (no ring)
Stlth   +++++        (no ring)
HPRegen 0.28/turn    (no ring)
MPRegen 0.11/turn    (no ring)
                     (no ring)

%: faith
@: no status effects
A: almost no armour, amphibious, 8 rings, camouflage 1, gelatinous body 1,
(nimble swimmer 1), tentacles
a: no special abilities


You were on level 5 of the Dungeon.
You visited 1 branch of the dungeon, and saw 6 of its levels.

You collected 214 gold pieces.

Inventory:

Hand Weapons
 a - a +0 short sword
 A - a +4 dagger of venom (weapon)
 F - a +0 dire flail of protection
Missiles
 k - 38 stones
 o - 6 boomerangs
 x - 2 darts of dispersal
Magical Staves
 s - a staff of conjuration
Jewellery
 l - a +6 ring of dexterity (left tentacle)
 t - an amulet of faith (around mantle)
 E - a ring of poison resistance (right tentacle)
Wands
 f - a wand of digging (3)
 g - a wand of acid (17)
 h - a wand of roots (8)
 B - a wand of flame (16)
Scrolls
 b - 3 scrolls of fog
 c - 9 scrolls of identify {unknown}
 d - 2 scrolls of fear
 i - 2 scrolls of immolation
 j - a scroll of summoning {unknown}
 n - a scroll of enchant weapon {unknown}
 p - a scroll of revelation
 q - a scroll of brand weapon {unknown}
 u - a scroll of enchant armour {unknown}
 v - a scroll of teleportation {unknown}
 y - a scroll of vulnerability {unknown}
Potions
 e - a potion of haste
 m - a potion of cancellation {unknown}
 r - 2 potions of invisibility {unknown}
 w - a potion of enlightenment {unknown}
 z - a potion of degeneration {unknown}
 C - a potion of might {unknown}
 D - a potion of curing


   Skills:
 + Level 5.0 Fighting
 + Level 4.5 Short Blades
 + Level 4.5 Dodging
 - Level 8.6 Stealth
 + Level 0.9 Spellcasting
 + Level 1.0 Air Magic


You had 4 spell levels left.
You knew the following spells:

 Your Spells              Type           Power      Damage    Failure   Level
a - Swiftness             Air            3%         N/A       45%         3

Your spell library contained the following spells:

 Spells                   Type           Power      Damage    Failure   Level
 Shock                    Conj/Air       8%         1d3       22%         1
 Airstrike                Air            1%         2d(1-17)  86%         4


Dungeon Overview and Level Annotations

Branches:
Dungeon (6/15)
 Temple: D:4-7

Altars:
Hepliaklqana
Qazlal
Zin

Shops:
D:1 :

Annotations:
D:4 stash 2 scrolls


Innate Abilities, Weirdness & Mutations

You cannot wear most types of armour.
You are amphibious.
You can wear up to eight rings at the same time.
Your skin changes colour to match your surroundings (Stealth+).
Your rubbery body absorbs attacks. (AC +1, EV +1)
((You are camouflaged when in or above water. (Stealth+)))
You have tentacles for arms and can constrict up to eight enemies at once.


Message History

You are poisoned.
The killer bee poisons you!
You hit the killer bee.
The killer bee is poisoned.
Your grab misses the killer bee.
Your tentacle-slap misses the killer bee.
The killer bee is heavily wounded.
You feel sick. The killer bee barely misses you.
You hit the killer bee.
The killer bee looks as sick as possible!
Your grab misses the killer bee.
The killer bee is almost dead.
You feel sick.
You kill the killer bee!
The phantom hits you.
* * * LOW HITPOINT WARNING * * *
Your Fighting skill increases to level 5!
Your Air Magic skill increases to level 1!
It was a potion of curing.
You feel better. The phantom barely misses you.
The orc hits you with a +0 mace.
* * * LOW HITPOINT WARNING * * *
As you read the scroll labelled PIOBRI KOEPRU, it crumbles to dust.
The creatures around you are filled with an inner flame!
It was a scroll of immolation.
The phantom barely misses you. The orc closely misses you.
As you read the scroll of fear, it crumbles to dust.
You assume a fearsome visage.
The phantom is unaffected.
The orc looks frightened! x3; The phantom misses you.
You hit the phantom.
Flame seeps out of the phantom. x2
You squeeze the phantom.
The phantom is moderately damaged.
An orc comes into view. It is wielding a +0 hand axe.
The phantom is engulfed in blazing flames.
Flame seeps out of the phantom.
The phantom closely misses you.
You barely miss the phantom.
The phantom is almost destroyed.
The orc shouts!
You hit the phantom.
The phantom explodes!
The fiery explosion engulfs you!
You die...

**,*,,,* *,,,****#....###..,,**
*
**,*,,,***,,,****#........,,,,*
*
,,,,,,,+,+,,,+,,,+........,,,**
*
,,,,,,,***,,,****#.......,*,**
,,,*,,,***,,,****#o....#,****
,,,*,,,*,,,,,,,,,+..o.##**
,,,*,,,+,,,,*****#..o..#.##**
****,,,*,##.######..>.....#,**
* **+**,......°@.o.o.......,**
* * *,***##.#######+##......,,*
* *,* *,* *,**###...,** * *,*
*,**** *,* **..,,*** *,* *,,,,*
*,* **.,,,*, *,* ****,* *,*
*,,,***
*,********,****,*******,*,,*,
*,,,,,,,,,,,,,,,,,,,,,,,,,,,,
**********,****,,,,,,,,,*****


You could see 4 orcs.

Vanquished Creatures
  Sigmund (D:6)
  An orc warrior (D:3)
  2 phantoms
  3 killer bees
  A jelly (D:4)
  A sleepcap (D:4)
  An iguana (D:6)
  An orc wizard (D:6)
  Ijyb (D:3)
  A gnoll (D:6)
  3 adders
  2 ufetubi (D:5)
  A worm (D:2)
  4 dart slugs (D:2)
  6 orcs
  4 endoplasms
  2 giant cockroaches
  8 goblins
  12 hobgoblins
  8 jackals
  A quokka (D:4)
  14 ball pythons
  7 bats
  3 frilled lizards (D:1)
  7 kobolds
  3 rats (D:1)
98 creatures vanquished.

Notes
Turn   | Place    | Note
-------+----------+-------------------------------------------
     0 | D:5      | Azuregosa the Octopode Delver began the quest for the Orb.
     0 | D:5      | Reached XP level 1. HP: 16/16 MP: 1/1
    22 | D:5      | Found a stormy altar of Qazlal.
   155 | D:2      | Found a faded altar of an unknown god.
   196 | D:2      | Reached XP level 2. HP: 21/21 MP: 2/2
   201 | D:2      | Identified the +0 leather armour of the Great Game {Str+2}
   239 | D:1      | Found Abaen's Vocational Training.
   469 | D:1      | Reached XP level 3. HP: 26/26 MP: 3/3
   677 | D:1      | Reached skill level 7 in Stealth
  1095 | D:2      | Reached XP level 4. HP: 25/31 MP: 4/4
  1898 | D:3      | Noticed Ijyb
  1902 | D:3      | Killed Ijyb
  1993 | D:3      | Reached XP level 5. HP: 37/37 MP: 5/5
  2426 | D:3      | Noticed an orc warrior
  2437 | D:3      | Killed an orc warrior
  2440 | D:3      | Reached XP level 6. HP: 43/43 MP: 6/6
  2624 | D:4      | Reached skill level 8 in Stealth
  3069 | D:4      | Found a glowing silver altar of Zin.
  3266 | D:5      | HP: 1/44 [gnoll/+0 spear[a gnoll bouda] (3)]
  3432 | D:6      | Noticed Sigmund
  3436 | D:6      | Killed Sigmund
  3437 | D:6      | Reached XP level 7. HP: 49/49 MP: 7/7
  3693 | D:6      | Found a hazy altar of Hepliaklqana.
  3717 | D:6      | Learned a level 3 spell: Swiftness
  3935 | D:5      | Reached skill level 5 in Fighting
  3935 | D:5      | Reached skill level 1 in Air Magic
  3940 | D:5      | Killed by an exploding phantom... ignited by their inner
                  | flame

Illustrated notes

Levels and vault maps discovered:
D:1:      minmay_arrival_cross, layout_loops_ring, nicolae_shop_vocational
D:2:      layout_loops_ring, hellmonk_ecumenical_altar_arch_garden,
          minmay_statues_item, minivault_27, minmay_randomly_rotated_circles
D:3:      layout_loops_ring, uniq_ijyb
D:4:      layout_loops_ring, zin_scriptorium
D:5:      layout_basic, mainiacjoe_overflow_paths, nicolae_figureground_sparkle
D:6:      wander_river, layout_loops_corners, grunt_temple_overflow_holy_war,
          mainiacjoe_overflow_24_doors, minmay_lizard_king, uniq_sigmund

Skill      XL: |  1  2  3  4  5  6  7 |
---------------+----------------------+-----
Stealth        | 7 8 |  8.6
Short Blades   | 3 4 |  4.5
Dodging        | 3 4 |  4.5
Fighting       | 4 5 |  5.0
Air Magic      | 1 |  1.0
Spellcasting   | |  0.9

Action                     |  1- 3 |  4- 6 |  7- 9 || total
---------------------------+-------+-------+-------++-------
  Melee: Short sword       |    66 |    22 |       ||    88
         Constrict         |    14 |    13 |     3 ||    30
         Tentacles         |    12 |    11 |     4 ||    27
         Dagger            |       |    60 |    19 ||    79
         Punch             |       |     1 |     1 ||     2
    Use: Scroll            |     1 |       |     2 ||     3
         Potion            |       |       |     1 ||     1
   Stab: Sleeping          |    11 |    23 |     1 ||    35
         Distracted        |       |     1 |       ||     1
 Armour: Skin              |    19 |    38 |    22 ||    79
  Dodge: Dodged            |    37 |    49 |    31 ||   117

Table legend: (Time is in decaauts)
 A = Elapsed time spent in this place.
 B = Non-inter-level travel time spent in this place.
 C = Inter-level travel time spent in this place.
 D = Time resting spent in this place.
 E = Time spent auto-exploring this place.
 F = Levels seen in this place.
 G = Mean time per level.
                   A        B        C        D        E       F      G
               +--------+--------+--------+--------+--------+-----+--------+
         Total |   3913 |   3808 |    105 |    605 |   2219 |   6 |  652.2 |
       Dungeon |   3913 |   3808 |    105 |    605 |   2219 |   6 |  652.2 |
               +--------+--------+--------+--------+--------+-----+--------+

Top non-repeatable levels by time:
     D:2: 899 daAuts
     D:4: 795 daAuts
     D:1: 783 daAuts
     D:3: 711 daAuts
     D:6: 654 daAuts
     D:5: 69 daAuts
